 Dungeon Crawl Stone Soup version 0.31.0-32-g396128a36d (webtiles) character file.

Game seed: 12055675012169242618

236 Peloso the Covered (level 5, -2/47 HPs)
             Began as a Minotaur Fighter on Apr 6, 2024.
             Killed by divine providence
             ... invoked by an orc priest
              (10 damage)
             ... on level 7 of the Dungeon.
             The game lasted 00:04:34 (2829 turns).

Peloso the Covered (Minotaur Fighter)               Turns: 2829, Time: 00:04:35

Health: -2/47      AC:  9    Str: 20    XL:     5   Next: 77%
Magic:  4/4        EV:  8    Int:  5    God:
Gold:   147        SH:  5    Dex: 12    Spells: 4/4 levels left

rFire   . . .        a - +0 long sword
rCold   . . .        d - +0 buckler
rNeg    . . .        c - +0 chain mail
rPois   .            (helmet restricted)
rElec   .            (no cloak)
rCorr   .            (no gloves)
SInv    .            (no boots)
Will    .....        (no amulet) Stlth
                     (no ring)
HPRegen 0.27/turn    (no ring)
MPRegen 0.09/turn

%: no passive effects
@: no status effects
A: horns 2, retaliatory headbutt
a: no special abilities


You were on level 7 of the Dungeon.
You visited 1 branch of the dungeon, and saw 5 of its levels.

You collected 147 gold pieces.

Inventory:

Hand Weapons
 a - a +0 long sword (weapon)
Armour
 b - a +0 scale mail
 c - a +0 chain mail (worn)
 d - a +0 buckler (worn)
Jewellery
 e - a ring of protection from cold
 p - a ring of positive energy
Wands
 r - a wand of flame (19)
 s - a wand of mindburst (5)
Scrolls
 g - 4 scrolls of identify
 h - a scroll of teleportation {unknown}
 i - a scroll of vulnerability {unknown}
 j - a scroll of fear {unknown}
 l - a scroll of noise {unknown}
 m - a scroll of enchant armour {unknown}
 n - a scroll of enchant weapon {unknown}
 q - 2 scrolls of fog {unknown}
Potions
 f - a potion of might
 k - a potion of haste
 o - a potion of degeneration {unknown}


   Skills:
 + Level 4.8 Fighting
 + Level 4.3 Long Blades
 + Level 5.2 Armour
 + Level 1.0 Dodging
 + Level 0.2 Stealth
 + Level 4.5 Shields


You had 4 spell levels left.
You didn't know any spells.
Your spell library was empty.

Dungeon Overview and Level Annotations

Branches:
Dungeon (4/15)
 Temple: D:4-7

Altars:
Elyvilon
Makhleb

Annotations:
D:3 1 runed translucent door, Crazy Yiuf
D:4 Dig


Innate Abilities, Weirdness & Mutations

You have a pair of horns on your head.
You reflexively headbutt those who attack you in melee.


Message History

An orc priest comes into view. It is wielding a +0 club.
The orc priest invokes the aid of Beogh against you.
Beogh smites you!
The orc priest casts a cantrip, but nothing happens.
The orc priest invokes the aid of Beogh against you.
Beogh smites you!
You hit the orc. Your headbutt misses the orc.
The orc is moderately wounded.
You block the orc's attack.
You completely miss the orc. You headbutt the orc, but do no damage.
The orc is moderately wounded.
You block the orc's attack. The orc hits you with a +0 hand axe.
You completely miss the orc.
The orc is moderately wounded.
You block the orc's attack.
You hit the orc but do no damage. You headbutt the orc.
The orc is severely wounded.
The orc hits you with a +0 hand axe.
You barely miss the orc.
The orc is severely wounded.
You block the orc's attack.
The orc priest begins to cast a cantrip, but forgets the words!
A goblin comes into view. It is wielding a +0 hand axe.
The orc priest invokes the aid of Beogh against you.
Beogh smites you!
* * * LOW HITPOINT WARNING * * *
Okay, then.
You slash the orc!
You kill the orc!
Unknown command.
You slash the orc priest! Your headbutt misses the orc priest.
The orc priest is heavily wounded.
The orc priest barely misses you.
Unknown command.
Okay, then.
You slash the orc priest!
You kill the orc priest!
The orc priest invokes the aid of Beogh against you.
Beogh smites you!
You die...

#####...o.....
#.....###...#.
+........oo.#
#....g#.###.#
#####o#... #o#
### #o# #)#
#@# #.# #.#
..# #... ##.#
#.# #.# ...


You could see an orc priest, 2 orcs and a goblin.

Vanquished Creatures
  A black bear (D:4)
  A jelly (D:4)
  An orc priest (D:7)
  5 adders
  3 dart slugs
  A ribbon worm (D:2)
  4 orcs
  2 endoplasms
  4 giant cockroaches
  2 goblins
  7 hobgoblins
  4 jackals (D:1)
  3 kobolds
  2 quokkas
  5 ball pythons (D:1)
  5 bats
  7 frilled lizards (D:3)
  6 rats
63 creatures vanquished.

Notes
Turn   | Place    | Note
-------+----------+-------------------------------------------
     0 | D:1      | Peloso the Minotaur Fighter began the quest for the Orb.
     0 | D:1      | Reached XP level 1. HP: 19/19 MP: 0/0
   147 | D:1      | Reached XP level 2. HP: 27/27 MP: 1/1
   330 | D:1      | Reached skill level 4 in Armour
   369 | D:1      | Reached XP level 3. HP: 33/33 MP: 2/2
   838 | D:2      | Found a faded altar of an unknown god.
  1517 | D:3      | Reached XP level 4. HP: 36/40 MP: 3/3
  1669 | D:3      | Found a burning altar of Makhleb.
  2069 | D:3      | Found a runed translucent door.
  2070 | D:3      | Noticed Crazy Yiuf
  2226 | D:4      | Found a white marble altar of Elyvilon.
  2236 | D:4      | Noticed a black bear
  2261 | D:4      | HP: 2/40 [black bear (6)]
  2502 | D:4      | Killed a black bear
  2503 | D:4      | Reached XP level 5. HP: 21/47 MP: 4/4
  2508 | D:4      | Reached skill level 1 in Dodging
  2719 | D:4      | Reached skill level 5 in Armour
  2807 | D:4      | You fall into a shaft and drop 3 floors!
  2829 | D:7      | Killed from afar by an orc priest

Illustrated notes

Levels and vault maps discovered:
D:1:      zaba_arrival_water, layout_rooms
D:2:      layout_basic, chequers_ecumenical_altar_island
D:3:      layout_loops_ring, bloody_makhleb, minmay_crystal_water,
          grunt_ministairs_9, minmay_strange_pillars, minmay_lizard_king,
          uniq_crazy_yiuf_cottage
D:4:      cheibrodos_quashed, layout_cave_pools, kennysheep_little_box,
          elyvilon_altar_4, slow_altar_1, nzn_random_ring, uniq_blork_the_orc
D:7:      layout_basic, trog_three_pillars_becter, mainiacjoe_overflow_alcove_1,
          hellmonk_ghost_happy_afterlife, enter_bailey_3, uniq_pikel,
          uniq_jeremiah

Skill      XL: |  1  2  3  4  5 |
---------------+----------------+-----
Shields        | 4 |  4.5
Fighting       | 4 |  4.8
Armour         | 4 5 |  5.2
Long Blades    | 3 4 |  4.3
Dodging        | 1 |  1.0
Stealth        | |  0.2

Action                     |  1- 3 |  4- 6 || total
---------------------------+-------+-------++-------
  Melee: Long sword        |    99 |    70 ||   169
         Headbutt          |    14 |     8 ||    22
    Use: Potion            |     3 |     3 ||     6
         Scroll            |     1 |       ||     1
 Armour: Scale mail        |    66 |    63 ||   129
         Chain mail        |       |    11 ||    11
  Dodge: Dodged            |    52 |    38 ||    90
  Block: Buckler           |    20 |    25 ||    45
